 Dungeon Crawl Stone Soup version 0.27.1-1-g398f81649c (webtiles) character file.

Game seed: 12588006234684446442

25 vvl the Skirmisher (level 2, 0/24 HPs)
             Began as a Demonspawn Fighter on Sept 8, 2021.
             Slain by a jackal (2 damage)
             ... on level 1 of the Dungeon.
             The game lasted 00:01:55 (868 turns).

vvl the Skirmisher (Demonspawn Fighter)              Turns: 868, Time: 00:01:56

Health: 0/24       AC:  6    Str: 16    XL:     2   Next: 82%
Magic:  2/2        EV:  7    Int:  9    God:
Gold:   49         SH:  8    Dex: 12    Spells: 1/1 levels left

rFire    . . .     SeeInvis .   a - +0 long sword
rCold    . . .     Faith    .   c - +0 kite shield
rNeg     . . .     Spirit   .   b - +0 scale mail
rPois    .         Reflect  .   (no helmet)
rElec    .         Harm     .   (no cloak)
rCorr    .         Rampage  .   (no gloves)
Will     .....                  (no boots)
Stlth    ..........             (no amulet)
HPRegen  0.08/turn              (no ring)
MPRegen  0.08/turn              (no ring)

@: no status effects
A: ignite blood 1
a: no special abilities


You were on level 1 of the Dungeon.
You visited 1 branch of the dungeon, and saw 1 of its levels.

You collected 49 gold pieces.

Inventory:

Hand Weapons
 a - a +0 long sword (weapon)
Armour
 b - a +0 scale mail (worn)
 c - a +0 kite shield (worn)
Scrolls
 f - 2 scrolls of teleportation {unknown}
 g - a scroll of holy word {unknown}
 h - a scroll of blinking {unknown}
Potions
 d - a potion of might
 e - a potion of flight {unknown}


   Skills:
 * Level 3.1 Fighting
 + Level 2.3 Long Blades
 + Level 2.8 Armour
 - Level 0.2 Dodging
 + Level 3.0 Shields
 + Level 0.0 Spellcasting
 + Level 0.0 Fire Magic


You had one spell level left.
You didn't know any spells.
Your spell library was empty.

Dungeon Overview and Level Annotations

Branches:
Dungeon (1/15)

Altars:


Innate Abilities, Weirdness & Mutations

Your demonic aura sometimes causes spilled blood to erupt in flames.


Message History

You barely miss the jackal.
You feel sick. The jackal bites you.
The frilled lizard bites you but does no damage.
The jackal bites you but does no damage.
The frilled lizard barely misses you.
You barely miss the jackal.
You feel sick. The jackal bites you.
The frilled lizard bites you but does no damage.
The jackal bites you but does no damage.
You are too injured to fight recklessly!
You are too injured to fight recklessly!
You feel sick.
You closely miss the jackal.
You feel sick.
You are no longer poisoned.
The jackal bites you. You block the jackal's attack.
The frilled lizard hisses.
You closely miss the jackal. You block the jackal's attack. x2
The jackal bites you but does no damage.
You miss the jackal. The jackal barely misses you.
You block the jackal's attack.
You slash the jackal!
You kill the jackal!
You block the ball python's attack. x2
You hit the ball python.
You kill the ball python!
The jackal bites you.
* * * LOW HITPOINT WARNING * * *
You closely miss the jackal.
The jackal bites you but does no damage.
The jackal bites you.
* * * LOW HITPOINT WARNING * * *
You closely miss the jackal. The jackal bites you.
* * * LOW HITPOINT WARNING * * *
The jackal closely misses you.
You hit the jackal.
The jackal is severely wounded.
You block the jackal's attack.
The jackal bites you but does no damage.
You hit the jackal.
The jackal is almost dead.
The jackal bites you.
You die...

# #.# . #.# # .
#.# #.##### # .#
#.# #..)..# # ##.
#.# #..####.# ..
#.# #..####.#####
#.## #.#
#..##lh..h... ...#
#.# #..##h#
...####.####..##@#
..............##.#
......#.####..##.#
........# #.....#
......### #..####
...#### #..# ...#
....# ...# ###.##
#.## #.#


You could see 2 jackals and a frilled lizard.

Vanquished Creatures
  2 endoplasms (D:1)
  3 goblins (D:1)
  2 hobgoblins (D:1)
  4 jackals (D:1)
  A quokka (D:1)
  4 ball pythons (D:1)
  2 bats (D:1)
  2 frilled lizards (D:1)
  A rat (D:1)
21 creatures vanquished.

Notes
Turn   | Place    | Note
-------+----------+-------------------------------------------
     0 | D:1      | vvl the Demonspawn Fighter began the quest for the Orb.
     0 | D:1      | Reached XP level 1. HP: 18/18 MP: 1/1
   130 | D:1      | Gained mutation: Your demonic aura sometimes causes spilled
                  | blood to erupt in flames. [demonic ancestry]
   130 | D:1      | Reached XP level 2. HP: 11/24 MP: 2/2
   868 | D:1      | Slain by a jackal

Illustrated notes

Levels and vault maps discovered:
D:1:      scummos_arrival_gate, layout_loops_ring, patterned_corridor

Skill      XL: |  1 |
---------------+----+-----
Long Blades    | 2 |  2.3
Shields        | 3 |  3.0
Fighting       | |  3.1
Armour         | |  2.8
Dodging        | |  0.2

Action                   || total
-------------------------++-------
Melee: Long sword        ||    73
Armor: Scale mail        ||    43
Dodge: Dodged            ||    23
Block: Kite shield       ||    54
       Rpst.: Long sword ||     7
